 Dungeon Crawl Stone Soup version 0.29.0-11-gd7f09526c8 (webtiles) character file.

Game seed: 18410025426332981452

1388 KamiKatze the Chopper (level 8, -3/46 HPs)
             Began as a Gargoyle Fighter on Sept 4, 2022.
             Was a Follower of Trog.
             Engulfed by a steam dragon's steam (7 damage)
             ... on level 7 of the Dungeon.
             The game lasted 00:14:30 (6060 turns).

KamiKatze the Chopper (Gargoyle Fighter)            Turns: 6060, Time: 00:14:31

Health: -3/46      AC: 14    Str: 21    XL:     8   Next: 68%
Magic:  0/8        EV:  9    Int: 10    God:    Trog [*.....]
Gold:   453        SH:  4    Dex:  9    Spells: 7/7 levels left

rFire   . . .      SeeInvis .   y - +0 hand axe (elec)
rCold   . . .      Faith    .   c - +0 buckler
rNeg    + + .      Spirit   +   b - +0 scale mail
rPois   ∞          Reflect  .   B - +0 helmet
rElec   +          Harm     .   (no cloak)
rCorr   +          Rampage  .   (no gloves)
Will    .....                   s - +0 pair of boots
Stlth   ..........              h - amulet of guardian spirit
HPRegen 0.15/turn               v - ring of resist corrosion
MPRegen 0.11/turn               F - ring of positive energy

@: no status effects
A: sickness immunity, AC +5, negative energy resistance 1, electricity
resistance, torment resistance 1, petrification resistance
a: Renounce Religion, Berserk


You were on level 7 of the Dungeon.
You worshipped Trog.
Trog was aware of your devotion.
You visited 2 branches of the dungeon, and saw 8 of its levels.

You collected 453 gold pieces.

Inventory:

Hand Weapons
 a - a +0 war axe
 y - a +0 hand axe of electrocution (weapon)
 z - the +4 hand axe of the Ninety-Nine Xenops {venom, Str-5 Int+2 SInv}
   (You found it on level 3 of the Dungeon)

   It poisons the flesh of those it strikes.
   Str:       It affects your strength (-5).
   Int:       It affects your intelligence (+2).
   SInv:      It lets you see invisible.
 H - the +8 whip "Hunekh" {vorpal, Str+4}
   (You found it on level 6 of the Dungeon)

   It inflicts extra damage upon your enemies.
   Str:       It affects your strength (+4).
Missiles
 i - 39 stones (quivered)
Armour
 b - a +0 scale mail (worn)
 c - a +0 buckler (worn)
 s - a +0 pair of boots (worn)
 B - a +0 helmet (worn)
Jewellery
 h - an amulet of guardian spirit (around neck)
 v - a ring of resist corrosion (left hand)
 F - a ring of positive energy (right hand)
Wands
 t - a wand of mindburst (31)
 A - a wand of polymorph (14)
 G - a wand of digging (4)
Scrolls
 d - 2 scrolls of identify
 e - 6 scrolls of immolation
 f - a scroll of magic mapping {unknown}
 k - a scroll of acquirement {unknown}
 l - 2 scrolls of fear {unknown}
 m - 2 scrolls of amnesia {unknown}
 n - a scroll of poison {unknown}
 o - 2 scrolls of enchant weapon {unknown}
 w - 6 scrolls of teleportation
 C - 2 scrolls of enchant armour {unknown}
 D - 2 scrolls of vulnerability {unknown}
 E - a scroll of blinking {unknown}
 I - a scroll of noise {unknown}
Potions
 g - 2 potions of brilliance
 j - 3 potions of magic
 p - a potion of heal wounds
 q - 3 potions of mutation
 r - 4 potions of flight
 u - a potion of attraction
 x - 5 potions of curing


   Skills:
 - Level 3.2 Fighting
 + Level 6.9 Axes
 - Level 3.2 Armour
 - Level 5.0 Shields
 + Level 5.7 Evocations


You had 7 spell levels left.
You didn't know any spells.
Your spell library contained the following spells:

 Spells                   Type           Power      Damage    Failure   Level
 Scorch                   Fire           0%         2d5       89%         2
 Flame Wave               Conj/Fire      0%         2d4       100%        4
 Summon Cactus Giant      Summ           0%         N/A       100%        6


Dungeon Overview and Level Annotations

Branches:
Dungeon (7/15)             Temple (1/1) D:6

Altars:
Ashenzari
Cheibriados
Dithmenos
Elyvilon
Fedhas
Gozag
Hepliaklqana
Kikubaaqudgha
Makhleb
Nemelex Xobeh
Qazlal
Ru
Trog
Vehumet
Wu Jian
Xom
Yredelemnul
Zin


Innate Abilities, Weirdness & Mutations

You are immune to sickness and miasma.
Your stone body is resilient. (AC +5)
You are immune to poison.
You resist negative energy. (rN+)
You are resistant to electric shocks. (rElec)
You are resistant to unholy torment.
You are immune to petrification.


Message History

There is a stone staircase leading up here.
r - 4 potions of flight (gained 1)
w - 6 scrolls of teleportation (gained 1) HP restored.
A steam dragon comes into view.
The steam dragon breathes steam at you.
The ball of steam hits you but does no damage.
You are engulfed in a cloud of scalding steam.
The steam dragon bites you.
The steam dragon claws you but does no damage.
You hit the steam dragon but do no damage.
You are engulfed in a cloud of scalding steam.
The steam dragon breathes steam at you. The ball of steam hits you!
You closely miss the steam dragon.
You are engulfed in a cloud of scalding steam.
The steam dragon completely misses you. The steam dragon barely misses you.
You are too injured to fight recklessly!
You are too injured to fight recklessly!
You are too injured to fight recklessly!
You closely miss the steam dragon. The steam dragon bites you!
The steam dragon closely misses you.
An ice beast comes into view.
You closely miss the steam dragon. You block the steam dragon's attack.
The steam dragon claws you.
* * * LOW HITPOINT WARNING * * *
A scorpion comes into view.
You closely miss the steam dragon. The steam dragon bites you.
* * * LOW HITPOINT WARNING * * *
The steam dragon completely misses you.
You barely miss the steam dragon. The steam dragon bites you.
* * * LOW HITPOINT WARNING * * *
The steam dragon barely misses you.
You hit the steam dragon but do no damage.
The steam dragon breathes steam at you. The ball of steam hits you!
* * * LOW HITPOINT WARNING * * *
You hit the steam dragon but do no damage.
You are engulfed in a cloud of scalding steam.
You die...

#.# #.# #.#
#.# ##.#
#..# #.##
#####.#
#...@.#
#.....D.#
#.........#
#.....Y...#
#........s#
#.........#
#.........#
##.........


You could see a steam dragon (catching breath), an ice beast and a scorpion.

Vanquished Creatures
  2 sky beasts (Temple)
  2 ogres
  A centaur (D:6)
  A phantom (D:5)
  2 bullfrogs
  A scorpion (D:5)
  6 hounds
  3 jellies
  2 orc priests (D:3)
  An iguana (D:5)
  4 orc wizards
  3 gnolls (D:4)
  6 adders
  2 shadow imps
  A white imp (D:6)
  5 worms
  6 dart slugs
  21 orcs
  A bat (D:1)
  9 endoplasms
  5 giant cockroaches
  8 goblins
  6 hobgoblins
  6 jackals (D:2)
  A quokka (D:2)
  7 ball pythons
  5 frilled lizards
  4 kobolds
  7 rats
128 creatures vanquished.

Vanquished Creatures (others)
  A fungus (D:3)
  2 plants (D:5)
  4 toadstools (D:3)
7 creatures vanquished.

Grand Total: 135 creatures vanquished

Notes
Turn   | Place    | Note
-------+----------+-------------------------------------------
     0 | D:1      | KamiKatze the Gargoyle Fighter began the quest for the Orb.
     0 | D:1      | Reached XP level 1. HP: 14/14 MP: 1/1
    55 | D:1      | Reached skill level 2 in Axes
    58 | D:1      | Reached XP level 2. HP: 18/19 MP: 2/2
   258 | D:1      | Found a faded altar of an unknown god.
   371 | D:1      | Reached XP level 3. HP: 17/23 MP: 3/3
  1393 | D:2      | Reached skill level 3 in Axes
  1393 | D:2      | Reached XP level 4. HP: 22/28 MP: 4/4
  2153 | D:3      | Reached skill level 5 in Shields
  2153 | D:3      | Reached XP level 5. HP: 7/32 MP: 5/5
  2449 | D:3      | Identified the +4 hand axe of the Ninety-Nine Xenops
                  | {venom, Str-5 Int+2 SInv}
  3158 | D:4      | Reached skill level 1 in Evocations
  3162 | D:4      | Reached skill level 4 in Axes
  3170 | D:4      | Noticed an ogre
  3307 | D:4      | Reached XP level 6. HP: 37/37 MP: 6/6
  3855 | D:5      | Entered Level 5 of the Dungeon
  3915 | D:5      | Found a bloodstained altar of Trog.
  3921 | D:5      | Became a worshipper of Trog the Wrathful
  3979 | D:5      | Reached XP level 7. HP: 41/41 MP: 7/7
  4129 | D:5      | Reached skill level 5 in Axes
  4957 | D:6      | Found a staircase to the Ecumenical Temple.
  4961 | D:6      | Identified the +8 whip "Hunekh" {vorpal, Str+4}
  5049 | Temple   | Entered the Ecumenical Temple
  5057 | Temple   | Reached skill level 6 in Axes
  5057 | Temple   | Reached XP level 8. HP: 3/46 MP: 1/8
  5301 | D:6      | Reached skill level 5 in Evocations
  5390 | D:6      | Found a stormy altar of Qazlal.
  5644 | D:6      | Reached * piety under Trog
  6060 | D:7      | Engulfed by a steam dragon's steam

Illustrated notes

Levels and vault maps discovered:
D:1:      dpeg_arrival_line_fractal, layout_basic,
          hellmonk_ecumenical_altar_blasted, st_stairs_9
D:2:      layout_basic
D:3:      layout_basic, minmay_gold_behind_fungi, nrook_mini_backslash,
          nicolae_hexahallways, minmay_increasing_density
D:4:      layout_basic, minmay_crystal_water, chequers_serial_rivers_small_b
D:5:      layout_loops_corners, mainiacjoe_overflow_chevrons
D:6:      minmay_skewed_foursquare, layout_basic, lemuel_crystal_altar,
          minmay_temple_entry_waves
D:7:      layout_rooms, chequers_temple_overflow_statue_of_worship,
          gammafunk_ghost_split
Temple:   nicolae_temple_elliptical

Skill      XL: |  1  2  3  4  5  6  7  8 |
---------------+-------------------------+-----
Axes           | 2 3 4 6 |  6.9
Shields        | 4 5 |  5.0
Evocations     | 1 2 4 5 |  5.7
Fighting       | |  3.2
Armour         | |  3.2

Action                   |  1- 3 |  4- 6 |  7- 9 || total
-------------------------+-------+-------+-------++-------
Melee: War axe           |   121 |    45 |       ||   166
       Hand axe          |       |   119 |   200 ||   319
Evoke: Wand              |       |     2 |       ||     2
  Use: Scroll            |       |     6 |     2 ||     8
       Potion            |       |       |     2 ||     2
Armor: Scale mail        |    66 |    81 |   116 ||   263
Dodge: Dodged            |    45 |    79 |    57 ||   181
Block: Buckler           |    25 |    21 |    42 ||    88
